 Dungeon Crawl Stone Soup version 0.20.1-1-g8b1a95d66d (webtiles) character file.

721 Romulous the Chopper (level 7, -4/60 HPs)
             Began as a Minotaur Fighter on Dec 6, 2017.
             Was an Initiate of Gozag.
             Slain by an ogre
             ... wielding a +0 giant club
              (25 damage)
             ... on level 5 of the Dungeon.
             The game lasted 00:25:55 (3990 turns).

Romulous the Chopper (Minotaur Fighter)             Turns: 3990, Time: 00:25:55

Health: -4/60      AC: 13    Str: 23    XL:     7   Next: 43%
Magic:  6/6        EV:  5    Int:  5    God:    Gozag
Gold:   293        SH: 10    Dex:  9    Spells: 6/6 levels left

rFire    . . .     SeeInvis .   a - +0 war axe
rCold    . . .     Gourm    .   c - +0 shield
rNeg     . . .     Faith    .   w - +0 plate armour
rPois    .         Spirit   .   (helmet restricted)
rElec    .         Reflect  .   (no cloak)
rCorr    .         Harm     .   (no gloves)
MR       .....                  (no boots)
Stlth    ..........             (no amulet)
Regen    0.2/turn               (no ring)
MPRegen  0.1/turn               (no ring)

@: no status effects
A: retaliatory headbutt, horns 2
a: Potion Petition, Call Merchant, Bribe Branch, Renounce Religion


You were on level 5 of the Dungeon.
You worshipped Gozag.
Gozag was aware of your devotion.
You were not hungry.

You visited 2 branches of the dungeon, and saw 6 of its levels.

You collected 342 gold pieces.
You paid 49 gold pieces to Gozag.

Inventory:

Hand Weapons
 a - a +0 war axe (weapon)
Armour
 c - a +0 shield (worn)
 w - a +0 plate armour (worn)
Jewellery
 e - an uncursed ring of fire
Wands
 u - a wand of acid (10/15)
Scrolls
 h - 3 scrolls of noise {unknown}
 i - a scroll of recharging {unknown}
 j - 6 scrolls of identify {unknown}
 k - 2 scrolls of enchant armour {unknown}
 l - 4 scrolls of amnesia {unknown}
 q - 2 scrolls of blinking {unknown}
 r - a scroll of remove curse {unknown}
 v - 3 scrolls of teleportation {unknown}
 x - a scroll of fog {unknown}
Potions
 b - 2 potions of mutation {unknown}
 d - 2 potions of might
 g - 2 potions of heal wounds {unknown}
 m - 2 potions of haste {unknown}
 p - 3 potions of agility {unknown}
 s - 2 potions of brilliance {unknown}
 t - a potion of curing {unknown}
 z - a potion of ambrosia {unknown}
Comestibles
 f - 4 bread rations
 n - 2 meat rations
 o - 3 fruits


   Skills:
 + Level 4.6 Fighting
 + Level 6.7 Axes
 + Level 6.6 Armour
 + Level 0.7 Dodging
 + Level 5.4 Shields


You had 6 spell levels left.
You didn't know any spells.

Dungeon Overview and Level Annotations

Branches:
Dungeon (5/15)             Temple (1/1) D:4

Altars:
Ashenzari
Cheibriados
Dithmenos
Elyvilon
Gozag
Makhleb
Nemelex Xobeh
Okawaru
Qazlal
Trog
Uskayaw
Vehumet
Xom
Yredelemnul
Zin
The Shining One

Shops:
D:4 (   D:5 %


Innate Abilities, Weirdness & Mutations

You reflexively headbutt those who attack you in melee.
You have a pair of horns on your head.


Message History

You slash the ogre!
You kill the ogre!
The ogre is distracted by the nearby gold.
The ogre shouts!
There is a stone staircase leading up here.
You climb upwards.
There is a stone staircase leading down here.
You start resting.
HP restored.
You climb downwards.
The ogre hits you with a giant club!!
There is a stone staircase leading up, spattered with blood here.
You slash the ogre!
The ogre is moderately wounded.
The ogre hits you with a giant club!!
Your shield and plate armour prevent you from hitting the ogre.
You headbutt the ogre.
The ogre is heavily wounded.
The ogre hits you with a giant club!!
You die...
Your body crumbles into a pile of gold.

##...##.#.####....(##.#
#..O......# #.#.#.##.#
#..####.#$# #.#.#.##.# #..#
#.#.####.#.#.<..# #..#
#.#O#......####.# # #..#
#.#.#.##.### #.# # #..#
#.#.#.##.######.# #
#..####..>...O........# #
#.............@##.....#########
#.#######......................
#.# #.####.##......######## #.#
#.###...##.....# #.#
#..[...........# #.#
#####...##.>..##
#.########.....####.#.# ##
#......∩...#..#####.#.# #.
#########.###.........##### #.


You could see an ogre.

Vanquished Creatures
  An ice beast (D:5)
  A centaur (D:5)
  3 ogres
  An orc wizard (D:4)
  A centaur skeleton (D:5)
  An iguana (D:4)
  2 worker ants
  5 gnolls
  3 adders
  3 oozes (D:1)
  2 adder skeletons (D:5)
  A worm (D:2)
  4 dart slugs
  4 leopard geckos
  3 orcs (D:4)
  A ball python (D:3)
  6 bats
  3 giant cockroaches
  6 goblins
  4 hobgoblins
  7 jackals
  4 frilled lizards
  6 kobolds
  A kobold zombie (D:3)
  6 rats
79 creatures vanquished.

Notes
Turn   | Place    | Note
-------+----------+-------------------------------------------
     0 | D:1      | Romulous the Minotaur Fighter began the quest for the Orb.
     0 | D:1      | Reached XP level 1. HP: 19/19 MP: 0/0
    37 | D:1      | Reached XP level 2. HP: 27/27 MP: 1/1
   446 | D:1      | Reached XP level 3. HP: 33/33 MP: 2/2
  1059 | D:2      | Reached XP level 4. HP: 40/40 MP: 3/3
  1210 | D:2      | Found a snail-covered altar of Cheibriados.
  1210 | D:2      | Found a bloodstained altar of Trog.
  1211 | D:2      | Found a sparkling altar of Nemelex Xobeh.
  1211 | D:2      | Found a shattered altar of Ashenzari.
  1928 | D:3      | Found a runed door.
  1928 | D:3      | Noticed a human
  1930 | D:3      | Found a basalt altar of Yredelemnul.
  2370 | D:4      | Reached skill level 5 in Armour
  2370 | D:4      | Reached XP level 5. HP: 34/46 MP: 4/4
  2619 | D:4      | Noticed an ogre
  2624 | D:4      | Killed an ogre
  2624 | D:4      | Reached XP level 6. HP: 47/52 MP: 5/5
  2694 | D:4      | Found Reluc's Antique Weapon Emporium.
  2702 | D:4      | Reached skill level 5 in Axes
  2818 | D:4      | Found a staircase to the Ecumenical Temple.
  2849 | Temple   | Entered the Ecumenical Temple
  2901 | Temple   | Became a worshipper of Gozag Ym Sagoz the Greedy
  3016 | D:5      | Entered Level 5 of the Dungeon
  3037 | D:5      | Noticed an ice beast
  3055 | D:5      | Killed an ice beast
  3275 | D:5      | Found Borau's Food Emporium.
  3375 | D:5      | Reached skill level 5 in Shields
  3383 | D:5      | Reached XP level 7. HP: 57/60 MP: 6/6
  3990 | D:5      | Slain by an ogre

Skill      XL: |  1  2  3  4  5  6 |
---------------+-------------------+-----
Armour         | 4 5 6 |  6.6
Shields        | 4 5 |  5.4
Axes           | 3 4 6 |  6.7
Fighting       | 4 |  4.6
Dodging        | |  0.7

Action                   |  1- 3 |  4- 6 |  7- 9 || total
-------------------------+-------+-------+-------++-------
Melee: War axe           |    73 |   127 |    20 ||   220
       Headbutt          |    13 |    24 |     4 ||    41
  Eat: Chunk             |     1 |     2 |       ||     3
       Bread ration      |       |     1 |       ||     1
       Meat ration       |       |       |     1 ||     1
Armor: Scale mail        |    14 |       |       ||    14
       Chain mail        |    11 |       |       ||    11
       Plate armour      |     7 |    70 |     5 ||    82
Dodge: Dodged            |    22 |    24 |     1 ||    47
Block: Shield            |    38 |    52 |     9 ||    99
